 Dungeon Crawl Stone Soup version 0.30-a0-1160-g6e42c06551 (webtiles) character file.

Game seed: 14350336509852614652

62 cheesebisquit the Trooper (level 3, -2/33 HPs)
             Began as a Draconian Fire Elementalist on Apr 25, 2023.
             Slain by a goblin
             ... wielding a +0 club
             ... led by Robin
              (3 damage)
             ... on level 2 of the Dungeon.
             The game lasted 00:03:39 (1228 turns).

cheesebisquit the Trooper (DrFE)                    Turns: 1228, Time: 00:03:40

Health: -2/33      AC:  5    Str: 10    XL:     3   Next: 85%
Magic:  1/6        EV: 12    Int: 17    God:
Gold:   47         SH:  0    Dex: 11    Spells: 5/6 levels left

rFire   . . .        (no weapon)
rCold   . . .        (no shield)
rNeg    . . .        (body armour unavailable)
rPois   .            (helmet restricted)
rElec   .            (no cloak)
rCorr   .            (no gloves)
SInv    .            (no boots)
Will    .....        (no amulet)
Stlth   ++           (no ring)
HPRegen 0.25/turn    (no ring)
MPRegen 0.10/turn

%: no passive effects
@: no status effects
A: AC +5, unfitting armour, cold-blooded
a: no special abilities


You were on level 2 of the Dungeon.
You visited 1 branch of the dungeon, and saw 2 of its levels.

You collected 47 gold pieces.

Inventory:

Jewellery
 b - a ring of protection from fire
Scrolls
 d - a scroll of enchant weapon {unknown}
Potions
 a - a potion of magic


   Skills:
 + Level 3.9 Fighting
 - Level 1.7 Dodging
 - Level 1.7 Stealth
 - Level 2.0 Spellcasting
 - Level 1.0 Conjurations
 - Level 3.0 Fire Magic


You had 5 spell levels left.
You knew the following spells:

 Your Spells              Type           Power      Damage    Failure   Level
a - Foxfire               Conj/Fire      32%        2x1d5     9%          1

Your spell library contained the following spells:

 Spells                   Type           Power      Damage    Failure   Level
 Scorch                   Fire           22%        2d6       9%          2
 Magic Dart               Conj           20%        1d4       13%         1
 Searing Ray              Conj           10%        2d4       19%         2
 Inner Flame              Hex/Fire       6%         N/A       30%         3
 Volatile Blastmotes      Fire/Tloc      12%        2d11      30%         3
 Flame Wave               Conj/Fire      8%         2d5       63%         4
 Fulminant Prism          Conj/Hex       1%         3d5       83%         4


Dungeon Overview and Level Annotations

Branches:
Dungeon (2/15)

Altars:

Annotations:
D:2 Robin


Innate Abilities, Weirdness & Mutations

Your plain brown scales are hard. (AC +5)
You cannot fit into any form of body armour.
You are cold-blooded and may be slowed by cold attacks.


Message History

Casting: Foxfire (safe; 9% risk of failure)
Press: ? - help, Q - select action Dir - look around, f - activate You conjure some foxfire!
The goblin hits you with a +0 dagger.
The foxfire hits Robin.
Robin is lightly wounded.
The goblin misses you. The goblin hits you with a +0 club.
You closely miss Robin.
Robin is lightly wounded.
The goblin no longer looks unusually strong.
The foxfire hits Robin.
Robin is lightly wounded.
The goblin hits you but does no damage. The goblin barely misses you. x2
Casting: Foxfire (safe; 9% risk of failure)
Press: ? - help, Q - select action Dir - look around, f - activate You conjure some foxfire!
The goblin no longer looks unusually strong.
The goblin hits you but does no damage.
Robin roars a battlecry!
The goblins go into a battle-frenzy!
The goblin hits you but does no damage. The goblin hits you with a +0 club.
You hit Robin.
Robin is moderately wounded.
The foxfire hits Robin.
Robin is moderately wounded.
The goblin hits you with a +0 dagger.
* * * LOW HITPOINT WARNING * * *
The goblin barely misses you. The goblin hits you with a +0 club.
* * * LOW HITPOINT WARNING * * *
Robin hits you with a +0 club.
* * * LOW HITPOINT WARNING * * *
Okay, then.
As you read the scroll labelled GUIR UGRAFA, it crumbles to dust.
It is a scroll of amnesia.
Really abort (and waste the scroll)?
Okay, then.
The goblin closely misses you. Robin barely misses you.
The goblin hits you with a +0 club.
* * * LOW HITPOINT WARNING * * *
The goblin hits you with a +0 club.
You die...

.. ###.###.##
...#.....#... .
..#...>.#). g.
.......... ...
#.....#.##+### ....
.... #......#
.....###.###g.....#
.........)g@g.....#
.......$.##)g.....#
.......)g##.......#
###########.......#
#.......#
#######.......#
#.............#
#.#####.......# #.#
#.......#


You could see Robin and 3 goblins.

Vanquished Creatures
  2 adders (D:2)
  3 dart slugs (D:1)
  4 endoplasms (D:1)
  9 goblins
  4 hobgoblins
  3 kobolds
  A quokka (D:2)
  4 ball pythons (D:1)
  3 bats
  A frilled lizard (D:1)
  A rat (D:1)
35 creatures vanquished.

Vanquished Creatures (others)
  96 foxfires
96 creatures vanquished.

Grand Total: 131 creatures vanquished

Notes
Turn   | Place    | Note
-------+----------+-------------------------------------------
     0 | D:1      | cheesebisquit the Draconian Fire Elementalist began the
                  | quest for the Orb.
     0 | D:1      | Reached XP level 1. HP: 14/14 MP: 3/3
   117 | D:1      | Reached skill level 1 in Fighting
   344 | D:1      | Reached XP level 2. HP: 24/24 MP: 3/5
   837 | D:1      | Reached XP level 3. HP: 31/31 MP: 4/6
  1201 | D:2      | Noticed Robin
  1227 | D:2      | HP: 1/33 [Robin/+0 club (1)]
  1228 | D:2      | Slain by a goblin

Illustrated notes

Levels and vault maps discovered:
D:1:      giann_horns, layout_loops_ring
D:2:      layout_basic, chequers_serial_rivers_micro_a, st_stairs_3, uniq_robin

Skill      XL: |  1  2 |
---------------+-------+-----
Fighting       | 1 3 |  3.9
Dodging        | |  1.7
Stealth        | |  1.7
Spellcasting   | |  2.0
Conjurations   | |  1.0
Fire Magic     | |  3.0

Action                     || total
---------------------------++-------
  Melee: Unarmed           ||    25
         Tailslap          ||     4
   Cast: Foxfire           ||    53
    Use: Scroll            ||     1
         Potion            ||     1
 Armour: Skin              ||    28
  Dodge: Dodged            ||    37

Table legend: (Time is in decaauts)
 A = Elapsed time spent in this place.
 B = Non-inter-level travel time spent in this place.
 C = Inter-level travel time spent in this place.
 D = Time resting spent in this place.
 E = Time spent auto-exploring this place.
 F = Levels seen in this place.
 G = Mean time per level.
                   A        B        C        D        E       F      G
               +--------+--------+--------+--------+--------+-----+--------+
         Total |   1227 |   1188 |     39 |      0 |   1004 |   2 |  613.5 |
       Dungeon |   1227 |   1188 |     39 |      0 |   1004 |   2 |  613.5 |
               +--------+--------+--------+--------+--------+-----+--------+

Top non-repeatable levels by time:
     D:1: 1068 daAuts
     D:2: 159 daAuts
